AoeStats
← nemesis

Black Forest

507460849Analyzed
4v4 RM · 14d ago on Sep 18, 2026· 43m 43s· 8 players
Game mode
Random Map
Map size
Large (8 player)
Population
200
Speed
Normal
Resources
Standard
Victory
Conquest
Starting age
Dark Age
Ending age
Imperial Age
RankedLock teamsTeams togetherTeam positionsShared explorationLock speedFull tech treeHidden civsTurbo modeCheats
Victory
Defeat
🇮🇳 Persians · India
1233
+15
🇹🇼 Muisca · Taiwan
1206
+16
🇮🇳 Sicilians · India
1206
+16
🇺🇸 Bengalis · United States
1140
+18
🇫🇷 Malians · France
1211
-17
🇵🇱 Gurjaras · Poland
1193
-16
🇦🇷 Teutons · Argentina
1192
-16
🇭🇰 Jurchens · Hong Kong SAR China
1192
-16
Sir Cumcised
0:27 Loom
10:29 Feudal Age
18:50 Double-Bit Axe
21:29 Castle Age
23:53 Horse Collar
24:34 Heavy Plow
30:41 Bow Saw
31:27 Wheelbarrow
Rpt
2:05 Loom
11:30 Feudal Age
16:18 Castle Age
14:19 Stone Mining
15:04 Double-Bit Axe
18:01 Forging
17:51 Scale Mail Armor
27:17 Wheelbarrow
27:40 Gold Mining
31:06 Town Watch
34:22 Imperial Age
ExE
0:48 Loom
12:08 Feudal Age
17:22 Double-Bit Axe
20:00 Castle Age
17:57 Horse Collar
18:48 Fletching
20:22 Wheelbarrow
23:08 Bow Saw
23:51 Heavy Plow
24:17 Stone Mining
26:06 Gold Mining
I just want to farm!!!
0:27 Loom
11:55 Feudal Age
16:18 Castle Age
14:22 Double-Bit Axe
14:35 Horse Collar
18:07 Bow Saw
30:17 Wheelbarrow
30:34 Town Watch
32:40 Heavy Plow
36:30 Imperial Age
34:07 Padded Archer Armor
34:01 Fletching
34:47 Hand Cart
36:19 Leather Archer Armor
36:16 Forging
36:06 Scale Mail Armor
36:16 Forging
36:06 Scale Mail Armor
36:16 Forging
36:06 Scale Mail Armor
36:03 Bodkin Arrow
36:39 Gold Mining
36:44 Stone Mining
37:24 Fortified Bastions
37:45 Conscription
37:15 Pikeman
37:55 Squires
37:40 Arson
37:55 Squires
37:41 Arson
37:56 Squires
37:41 Arson
38:28 Town Patrol
38:49 Siege Engineers
39:51 Two-Man Saw
39:41 Gold Shaft Mining
38:48 Elite Skirmisher
40:12 Ring Archer Armor
39:04 Heavy Rocket Cart
40:11 Bracer
40:38 Ballistics
41:19 Chemistry
40:39 Ballistics
41:19 Chemistry
41:50 Iron Casting
41:30 Chain Mail Armor
41:50 Iron Casting
41:30 Chain Mail Armor
41:51 Iron Casting
41:31 Chain Mail Armor
41:50 Chain Mail Armor
44:07 Blast Furnace
Echo
5:59 Loom
10:58 Feudal Age
11:58 Horse Collar
12:06 Double-Bit Axe
19:36 Castle Age
17:42 Gold Mining
18:07 Stone Mining
20:56 Bow Saw
21:53 Wheelbarrow
21:23 Heavy Plow
23:31 Hand Cart
24:59 Gold Shaft Mining
30:06 Imperial Age
30:02 Fletching
30:12 Padded Archer Armor
30:37 Ballistics
32:26 Two-Man Saw
32:02 Crop Rotation
31:20 Elite Elephant Archer
33:05 Bodkin Arrow
33:26 Leather Archer Armor
33:48 Bracer
34:52 Chemistry
34:12 Husbandry
34:22 Bloodlines
35:46 Ring Archer Armor
38:00 Conscription
38:42 Town Watch
41:01 Town Patrol
nemesis
8:13 Loom
12:03 Feudal Age
15:51 Castle Age
14:48 Double-Bit Axe
14:43 Horse Collar
15:31 Bloodlines
22:47 Scale Barding Armor
26:12 Wheelbarrow
27:09 Bow Saw
31:14 Masonry
33:36 Imperial Age
32:13 Gold Mining
32:15 Stone Mining
32:41 Husbandry
32:01 Light Cavalry
33:24 Hand Cart
32:54 Town Watch
34:52 Stone Shaft Mining
34:56 Gold Shaft Mining
36:26 Conscription
36:32 Chain Barding Armor
36:11 Capped Ram
36:20 Capped Ram
37:51 Plate Barding Armor
37:27 Forging
37:08 Elite War Elephant
39:28 Siege Ram
40:28 Heavy Plow
41:04 Iron Casting
40:27 Heated Shot
41:07 Architecture
40:48 Careening
40:59 Ballistics
41:28 Town Patrol
42:56 Blast Furnace
42:01 Devotion
42:37 Theocracy
41:57 Herbal Medicine
42:18 Block Printing
42:13 Fervor
41:27 Onager
41:27 Heavy Scorpion
44:20 Chemistry
43:10 Guard Tower
43:16 Murder Holes
43:53 Coinage
43:23 Caravan
43:40 Guilds
43:31 Caravan
43:35 Scale Mail Armor
43:35 Padded Archer Armor
43:26 Fletching
42:59 Heavy Camel Rider
43:10 Pikeman
43:10 Man-at-Arms
43:36 Gambesons
43:37 Arson
alucard4566
0:50 Loom
13:19 Feudal Age
13:21 Champi Runner
14:12 Double-Bit Axe
20:04 Castle Age
18:12 Horse Collar
18:59 Scale Mail Armor
20:05 Forging
20:30 Champi Warrior
24:32 Bow Saw
24:24 Heavy Plow
27:41 Wheelbarrow
30:17 Imperial Age
30:19 Gold Mining
30:49 Squires
31:17 Pikeman
32:35 Hand Cart
34:08 Elite Champi Warrior
38:52 Iron Casting
38:26 Stone Mining
39:29 Chain Mail Armor
41:52 Crop Rotation
42:22 Two-Man Saw
42:03 Gold Shaft Mining
41:25 Town Watch
43:34 Conscription
43:18 Herbalism
43:53 Stone Mining
44:46 Plate Mail Armor
AztecKiller2427
0:53 Loom
9:12 Feudal Age
9:44 Double-Bit Axe
18:22 Scale Mail Armor
18:13 Fletching
19:58 Horse Collar
25:14 Castle Age
26:47 Bow Saw
26:45 Heavy Plow
27:20 Forging
28:18 Chain Mail Armor
28:28 Bodkin Arrow
29:38 Town Watch
32:08 Wheelbarrow
33:34 Hand Cart
35:57 Squires
35:43 Arson
37:18 Iron Casting
41:52 Imperial Age
39:25 Stone Mining
41:11 First Crusade
41:17 Gold Mining
41:56 Onager
42:47 Siege Engineers
43:42 Chemistry
Connection lost

Rejoining the realm…

Still unreachable

The connection could not be restored.

Session expired

The server has moved on; the page needs a fresh start.